 Dungeon Crawl Stone Soup version 0.29-a0-723-gce39da1c22 (webtiles) character file.

Game seed: 15637087779369169814

312 buhh the Trooper (level 6, -4/46 HPs)
             Began as an Octopode Transmuter on June 28, 2022.
             Slain by Pikel
             ... wielding a +1 whip of electrocution
              (20 damage)
             ... on level 4 of the Dungeon.
             The game lasted 00:07:45 (4205 turns).

buhh the Trooper (Octopode Transmuter)              Turns: 4205, Time: 00:07:45

Health: -4/46      AC:  2    Str:  9    XL:     6   Next: 42%
Magic:  7/9        EV: 20    Int: 17    God:
Gold:   172        SH:  0    Dex: 24    Spells: 3/9 levels left

rFire   . . .      SeeInvis +     - Unarmed
rCold   . . .      Faith    .   (shield currently unavailable)
rNeg    . . .      Spirit   .   (helmet currently unavailable)
rPois   x          Reflect  .   (no amulet)
rElec   .          Harm     .   d - +6 ring of dexterity
rCorr   .          Rampage  .   b - ring of see invisible
Will    .....                   (no ring)
Stlth   ++........              (no ring)
HPRegen 0.15/turn               (no ring)
MPRegen 0.11/turn               (no ring)
                                (no ring)
                                (no ring)

@: spider-form (expiring)
A: venomous fangs, almost no armour, (amphibious), 8 rings, tiny, (camouflage
1), (gelatinous body 1), (nimble swimmer 1), (tentacles)
a: End Transformation


You were on level 4 of the Dungeon.
You were a venomous arachnid creature.
You visited 1 branch of the dungeon, and saw 4 of its levels.

You collected 172 gold pieces.

Inventory:

Missiles
 m - 3 poisoned darts (quivered)
Jewellery
 b - a ring of see invisible (right front leg)
 d - a +6 ring of dexterity (left front leg)
 q - a ring of ice
Wands
 s - a wand of polymorph (7)
Scrolls
 c - a scroll of blinking {!d}
 n - a scroll of fear {!r}
 t - 2 scrolls of teleportation {!d}
Potions
 a - 5 potions of degeneration
 e - a potion of cancellation {unknown}
 f - 2 potions of mutation {unknown}
 g - a potion of heal wounds {unknown}
 i - a potion of flight {unknown}
 j - a potion of might {unknown}
 k - 4 potions of curing {unknown}
 l - a potion of invisibility {unknown}
 o - 3 potions of brilliance {unknown}
 r - 2 potions of magic {unknown}


   Skills:
 * Level 5.7 Fighting
 - Level 2.0 Dodging
 - Level 1.0 Stealth
 - Level 3.0 Unarmed Combat
 - Level 2.0 Spellcasting
 * Level 3.0 Transmutations
 - Level 1.0 Poison Magic


You had 3 spell levels left.
You knew the following spells:

 Your Spells              Type           Power      Damage    Failure   Level
a - Beastly Appendage     Tmut           24%        N/A       16%         1
b - Wereblood             Tmut           12%        N/A       22%         2
c - Spider Form           Tmut/Pois      8%         N/A       47%         3

Your spell library contained the following spells:

 Spells                   Type           Power      Damage    Failure   Level
 Passwall                 Tmut/Erth      5%         N/A       34%         2
 Magic Dart               Conj           4%         1d3       38%         1
 Sandblast                Erth           2%         2d4       38%         1
 Searing Ray              Conj           2%         2d4       50%         2
 Stone Arrow              Conj/Erth      2%         3d7       71%         3
 Ice Form                 Ice/Tmut       6%         N/A       87%         4
 Fulminant Prism          Conj/Hex       0%         3d6       96%         4


Dungeon Overview and Level Annotations

Branches:
Dungeon (4/15) Zot: 19800
 Temple: D:4-7

Altars:
Gozag
Xom

Annotations:
D:2 Sigmund
D:3 2 runed translucent doors, exclusion: 2 doors, turdburglar's ghost, weakling DsMo
D:4 Eustachio; Natasha; Pikel


Innate Abilities, Weirdness & Mutations

You are a venomous arachnid creature.
You have poisonous fangs.
You are tiny and dextrous.
Your spellcasting is less reliable in this form.
Your armour is entirely melded.
You are incapable of wielding weapons or throwing items.
You cannot wear most types of armour.
((You are amphibious.))
You can wear up to eight rings at the same time.
((Your skin changes colour to match your surroundings (Stealth+).))
((Your rubbery body absorbs attacks. (AC +1, EV +1)))
((You are camouflaged when in or above water. (Stealth+)))
((You have tentacles for arms and can constrict up to eight enemies at once.))


Message History

You hit Pikel but do no damage.
Pikel is poisoned.
You hit Pikel but do no damage.
Pikel looks even sicker.
Pikel barely misses you.
You hit Pikel but do no damage.
Pikel looks as sick as possible!
Pikel misses you.
You hit Pikel but do no damage.
Pikel looks as sick as possible!
Pikel is lightly wounded.
Pikel completely misses you.
You hit Pikel but do no damage.
Pikel looks as sick as possible!
Pikel is lightly wounded.
Pikel hits you with a +1 whip of electrocution!
You barely miss Pikel.
Pikel is lightly wounded.
Pikel closely misses you. The lemure hits you.
You hit Pikel.
Pikel looks as sick as possible!
Pikel is moderately wounded.
The lemure barely misses you. The lemure misses you. Pikel misses you.
You hit Pikel.
Pikel is heavily wounded.
The lemure hits you. x2
Pikel says, "You'll feel the lick of my whip!"
Pikel closely misses you.
You barely miss Pikel.
Pikel is heavily wounded.
The lemure completely misses you. Pikel misses you.
You hit Pikel but do no damage.
Pikel is heavily wounded.
Your transformation is almost over.
The lemure completely misses you. The lemure closely misses you.
Pikel hits you with a +1 whip of electrocution!
You barely miss Pikel.
Pikel is severely wounded.
The lemure closely misses you. The lemure completely misses you.
The lemure barely misses you. Pikel closely misses you.
You hit Pikel but do no damage.
Pikel looks as sick as possible!
Pikel is severely wounded.
The lemure hits you. x2; The lemure completely misses you.
Pikel hits you with a +1 whip of electrocution.
You are electrocuted!!
You die...

#.. #.............#........>...
#.. #.............#............
+... #.............#............
#.. #.............#.....##.....
.##...##....######+###....##.....
......##....####....##...........
....................#..........<.
h...............55..#............
................sK..'..(.........
.###..####+######5..####'######..
#.. #...###...##.##.. #..
.................. #..
.................... #.
............<........ #.
.....................
#####..####..######..
##+#####'###..##..


You could see Pikel (extremely poisoned) and 3 lemures.

Vanquished Creatures
  Grinder (D:3)
  A lemure (D:4)
  Jessica (D:3)
  Robin (D:3)
  2 adders
  A worm (D:2)
  A dart slug (D:3)
  5 orcs (D:3)
  An endoplasm (D:2)
  A giant cockroach (D:1)
  9 goblins
  9 hobgoblins
  2 quokkas
  5 ball pythons
  A bat (D:3)
  5 frilled lizards
  6 rats
52 creatures vanquished.

Notes
Turn   | Place    | Note
-------+----------+-------------------------------------------
     0 | D:1      | buhh the Octopode Transmuter began the quest for the Orb.
     0 | D:1      | Reached XP level 1. HP: 13/13 MP: 3/3
   879 | D:1      | Reached XP level 2. HP: 19/19 MP: 3/5
  1361 | D:2      | Reached skill level 2 in Fighting
  1831 | D:2      | Reached XP level 3. HP: 25/25 MP: 4/6
  1871 | D:2      | Noticed Sigmund
  1948 | D:2      | Learned a level 2 spell: Wereblood
  1952 | D:2      | Learned a level 3 spell: Spider Form
  2031 | D:2      | Reached skill level 3 in Fighting
  2393 | D:3      | Noticed Jessica
  2400 | D:3      | Killed Jessica
  2401 | D:3      | Reached XP level 4. HP: 33/33 MP: 5/7
  2477 | D:3      | Noticed Grinder
  2512 | D:3      | Paralysed by Grinder for 2 turns
  2515 | D:3      | Paralysed by Grinder for 5 turns
  2534 | D:3      | Killed Grinder
  2535 | D:3      | Reached skill level 5 in Fighting
  2535 | D:3      | Reached XP level 5. HP: 39/39 MP: 8/8
  2535 | D:3      | Reached XP level 6. HP: 45/45 MP: 9/9
  2635 | D:3      | Found a shimmering altar of Xom.
  2661 | D:3      | Found an opulent altar of Gozag.
  2804 | D:3      | Noticed Robin
  2814 | D:3      | Killed Robin
  3292 | D:3      | Found a large runed translucent door.
  3292 | D:3      | Found a large runed translucent door.
  3294 | D:3      | Noticed turdburglar's ghost (weakling DsMo)
  4156 | D:4      | Noticed Eustachio
  4177 | D:4      | Noticed Natasha
  4187 | D:4      | Noticed Pikel
  4205 | D:4      | Slain by Pikel

Illustrated notes

Levels and vault maps discovered:
D:1:      roderic_octagonal_star, layout_basic, serial_co_window_serial,
          co_window_corner_a, co_window_paths_b, co_window_paths_a,
          co_window_corner_a, co_window_corner_a, co_window_paths_b,
          co_window_paths_b, co_window_corner_a, co_window_paths_a,
          co_window_cross_4, co_window_broadway_b, co_window_corner_ca,
          co_window_2corner, co_window_unsneaky_path_d, glass_columns_b,
          glass_columns_b, serial_bayou_crossing
D:2:      layout_loops_ring, minmay_pentomino_r4, uniq_sigmund,
          uniq_crazy_yiuf_cottage
D:3:      layout_basic, nicolae_gozag_seed_capital, lemuel_tele_altar,
          ebering_ghost_disaster_area, uniq_jessica, uniq_robin, uniq_grinder
D:4:      layout_gridville, uniq_eustachio, uniq_pikel, uniq_natasha

Skill      XL: |  1  2  3  4  5  6 |
---------------+-------------------+-----
Stealth        | 1 |  1.0
Fighting       | 2 3 5 |  5.7
Poison Magic   | 1 |  1.0
Transmutations | 3 |  3.0
Dodging        | |  2.0
Unarmed Combat | |  3.0
Spellcasting   | |  2.0

Action                   |  1- 3 |  4- 6 || total
-------------------------+-------+-------++-------
Melee: Unarmed           |    45 |    75 ||   120
       Constrict         |    18 |    13 ||    31
       Kick              |    14 |    19 ||    33
       Tentacles         |    10 |    10 ||    20
       Punch             |     1 |     1 ||     2
Throw: Dart              |       |     3 ||     3
 Cast: Beastly Appendage |    20 |    12 ||    32
       Wereblood         |       |     2 ||     2
       Spider Form       |       |     1 ||     1
  Use: Scroll            |       |     8 ||     8
       Potion            |       |     1 ||     1
 Stab: Sleeping          |     8 |     3 ||    11
Armor: Skin              |     2 |    12 ||    14
Dodge: Dodged            |    20 |    40 ||    60

Table legend: (Time is in decaauts)
 A = Elapsed time spent in this place.
 B = Non-inter-level travel time spent in this place.
 C = Inter-level travel time spent in this place.
 D = Time resting spent in this place.
 E = Time spent auto-exploring this place.
 F = Levels seen in this place.
 G = Mean time per level.
                   A        B        C        D        E       F      G
               +--------+--------+--------+--------+--------+-----+--------+
         Total |   4198 |   3994 |    204 |    216 |   3240 |   4 | 1049.5 |
       Dungeon |   4198 |   3994 |    204 |    216 |   3240 |   4 | 1049.5 |
               +--------+--------+--------+--------+--------+-----+--------+

Top non-repeatable levels by time:
     D:3: 1540 daAuts
     D:1: 1284 daAuts
     D:2: 1108 daAuts
     D:4: 265 daAuts
